 Dungeon Crawl Stone Soup version 0.22-a0-351-g29664b4 (webtiles) character file.

204 Amnesiac the Ducker (level 5, -3/27 HPs)
             Began as a Spriggan Hunter on Apr 12, 2018.
             Killed from afar by a white imp (10 damage)
             ... with a puff of frost
             ... summoned by Eustachio
             ... on level 4 of the Dungeon.
             The game lasted 00:04:41 (2963 turns).

Amnesiac the Ducker (Spriggan Hunter)               Turns: 2963, Time: 00:04:42

Health: -3/27      AC:  3    Str: 11 (14) XL:     5   Next: 52%
Magic:  6/6        EV: 20    Int: 11 (13) God:
Gold:   167        SH:  0    Dex: 13 (16) Spells: 4/4 levels left

rFire    . . .     SeeInvis +   b - +0 hunting sling (freeze)
rCold    . . .     Gourm    .   (shield restricted)
rNeg     . . .     Faith    .   c - +0 robe
rPois    .         Spirit   .   (helmet restricted)
rElec    .         Reflect  .   k - +0 cloak
rCorr    .         Harm     .   (gloves unavailable)
MR       .....                  (boots unavailable)
Stlth    ++........             (no amulet)
HPRegen  0.09/turn              (no ring)
MPRegen  0.10/turn              (no ring)

@: mighty, very quick
A: very small, unfitting armour, see invisible, herbivore, speed 3, slow
metabolism 2
a: no special abilities


You were on level 4 of the Dungeon.
You were not hungry.

You visited 1 branch of the dungeon, and saw 4 of its levels.

You collected 167 gold pieces.

Inventory:

Hand Weapons
 a - a +1 hand crossbow
 b - a +0 hunting sling of freezing (weapon)
 v - a +2 short sword of speed
 z - a +0 blowgun
Missiles
 i - 48 poisoned needles
 u - 3 sling bullets (quivered)
 w - 152 stones
Armour
 c - a +0 robe (worn)
 k - a +0 cloak (worn)
Scrolls
 h - 3 scrolls of teleportation {!r, unknown}
 p - a scroll of amnesia {!r, unknown}
 q - a scroll of fear {!r, unknown}
 r - a scroll of remove curse {!r, unknown}
 t - 2 scrolls of identify {!r, unknown}
 y - a scroll of immolation {!r, unknown}
Potions
 g - a potion of curing {!q}
 j - a potion of mutation {!q, unknown}
 l - a potion of haste {!q, unknown}
 m - a potion of agility {!q, unknown}
 o - a potion of flight {!q, unknown}
 s - a potion of invisibility {!q, unknown}
 x - a potion of lignification {!q, unknown}
Comestibles
 f - 4 rations


   Skills:
 + Level 2.6 Fighting
 * Level 5.4 Crossbows
 + Level 5.4 Dodging
 - Level 1.5 Stealth


You had 4 spell levels left.
You didn't know any spells.

Dungeon Overview and Level Annotations

Branches:
Dungeon (4/15)
 Temple: D:4-7

Altars:

Annotations:
D:4 Eustachio


Innate Abilities, Weirdness & Mutations

You are very small and have problems with some larger weapons.
You are too small for most types of armour.
You have supernaturally acute eyesight. (SInv)
You are a herbivore.
You cover ground extremely quickly.
You need to consume almost no food.


Message History

Aim: a white imp (summoned)
You shoot a sling bullet. The sling bullet hits the white imp.
The white imp is moderately wounded.
The bat misses you. The white imp hits you.
* * * LOW HITPOINT WARNING * * *
The white imp freezes you.
* * * LOW HITPOINT WARNING * * *
The bat hits you but does no damage.
Firing (i - inventory. (/) - cycle)
u - 7 sling bullets (quivered)
Press: ? - help, Shift-Dir - straight line, f/p - white imp
Aim: a white imp (moderately wounded, summoned)
You shoot a sling bullet.
The sling bullet closely misses the white imp.
The bat barely misses you.
The river rat twitches its whiskers.
The white imp shouts, "Flee, thou craven weevil-witted nissette!"
The white imp misses you.
Firing (i - inventory. (/) - cycle)
u - 6 sling bullets (quivered)
Press: ? - help, Shift-Dir - straight line, f/p - white imp
Aim: a white imp (moderately wounded, summoned)
You shoot a sling bullet. The sling bullet hits the white imp.
The white imp is severely wounded.
The river rat closely misses you.
The white imp laughs crazily.
The white imp hits you.
* * * LOW HITPOINT WARNING * * *
The white imp freezes you.
* * * LOW HITPOINT WARNING * * *
The river rat completely misses you.
Firing (i - inventory. (/) - cycle)
u - 5 sling bullets (quivered)
Press: ? - help, Shift-Dir - straight line, f/p - white imp
Aim: a white imp (severely wounded, summoned)
You shoot a sling bullet. The sling bullet hits the white imp.
The white imp is severely wounded.
Eustachio casts a spell.
The white imp barely misses you.
Unknown command.
Firing (i - inventory. (/) - cycle)
u - 4 sling bullets (quivered)
Press: ? - help, Shift-Dir - straight line, f/p - white imp
Aim: a white imp (severely wounded, summoned)
You shoot a sling bullet.
The sling bullet barely misses the white imp.
The white imp completely misses you.
Unknown command.
Really quaff
g - 2 potions of curing {!q}?
You feel better. The white imp misses you.
Eustachio gestures wildly while chanting.
Eustachio blinks!
Really quaff
e - a glowing emerald potion {!q}?
It was a potion of might {!q}.
You feel very mighty all of a sudden. The bat barely misses you.
Really quaff
A - a pink potion {!q}?
It was a potion of degeneration {!q}.
There was something very wrong with that liquid.
You feel weakened.
You feel dopey.
You feel clumsy. The bat closely misses you. The white imp hits you.
* * * LOW HITPOINT WARNING * * *
The white imp freezes you.
* * * LOW HITPOINT WARNING * * *
The bat barely misses you. The white imp gestures at you.
The puff of frost hits you!
You die...

#.
#####.##5(.((r.((.
#..
.....##(#########
###
..#####..#...## #
..###...r..5.(...#
#
#.#.##.##((#...##
# #...5@r(r.##.##
# #.###5###.##.# #
#.....b...##.#
#.##.###@######+#
#........# ##
####.##### #.
#..## #. ##...####
####. #.<.....+
+.... #......####
####. #.##...# #(
#. .#..# #(


You could see Eustachio, a river rat, a white imp, an ufetubus, a bat and a rat.

Vanquished Creatures
  Terence (D:2)
  7 gnolls (D:2)
  5 adders (D:2)
  An ooze (D:3)
  A dart slug (D:1)
  2 orcs (D:3)
  6 bats
  4 giant cockroaches
  7 goblins
  5 hobgoblins
  3 jackals (D:2)
  A quokka (D:2)
  2 frilled lizards (D:2)
  11 kobolds
  4 rats
60 creatures vanquished.

Notes
Turn   | Place    | Note
-------+----------+-------------------------------------------
     0 | D:1      | Amnesiac the Spriggan Hunter began the quest for the Orb.
     0 | D:1      | Reached XP level 1. HP: 10/10 MP: 2/2
   259 | D:1      | Reached XP level 2. HP: 14/14 MP: 3/3
   665 | D:2      | Reached XP level 3. HP: 18/18 MP: 4/4
   856 | D:2      | Reached XP level 4. HP: 20/23 MP: 5/5
  1198 | D:2      | Reached skill level 5 in Crossbows
  1198 | D:2      | Reached skill level 5 in Dodging
  1383 | D:2      | Noticed Terence
  1421 | D:2      | Killed Terence
  1421 | D:2      | Reached XP level 5. HP: 27/27 MP: 6/6
  2887 | D:4      | Noticed Eustachio
  2963 | D:4      | Killed from afar by a white imp

Vault maps used:
D:1:      mrwooster_arrival_statue_2, hangedman_decor_peaks_small
D:2:      minmay_fountain_box, uniq_terence
D:4:      nicolae_gozag_zags_fifth_avenue, minmay_temple_entry_glass,
          serial_shops, kennysheep_mini, nicolae_shop_overgrown_old_shop,
          minivault_25, sigmund_edmund_badplayer, uniq_eustachio

Skill      XL: |  1  2  3  4 |
---------------+-------------+-----
Dodging        | 4 5 |  5.4
Fighting       | 2 |  2.6
Crossbows      | 5 |  5.4
Stealth        | |  1.5

Action                   |  1- 3 |  4- 6 || total
-------------------------+-------+-------++-------
Melee: Short sword       |    22 |    37 ||    59
 Fire: Hand crossbow     |    41 |    71 ||   112
       Hunting sling     |       |    54 ||    54
Throw: Stone             |       |     2 ||     2
       Throwing net      |       |     1 ||     1
  Use: Potion            |       |     3 ||     3
 Stab: Sleeping          |     4 |     1 ||     5
Armor: Robe              |     1 |     4 ||     5
Dodge: Dodged            |    14 |    96 ||   110

Table legend:
 A = Spawn XP
 B = Non-spawn XP
 C = Spawn XP percentage of total XP
 D = Spawn monster count
 E = Non-spawn monster count
 F = Spawn count percentage of total count
 G = Total turns spent on level
                    A         B        C        D         E        F      G
               +---------+---------+-------+---------+---------+-------+---------
         Total |       0 |     292 |   0.0 |       0 |      60 |   0.0 |  2963
               +---------+---------+-------+---------+---------+-------+---------
           D:1 |       0 |      19 |   0.0 |       0 |      11 |   0.0 |   696
           D:2 |       0 |     243 |   0.0 |       0 |      36 |   0.0 |  1575
           D:3 |       0 |      30 |   0.0 |       0 |      13 |   0.0 |   568
               +---------+---------+-------+---------+---------+-------+---------
